AoeStats
← Salmonella Fitzgerald

MegaRandom

508160073Analyzed
4v4 RM · 12d ago on Sep 21, 2026· 57m 46s· 8 players
Game mode
Random Map
Map size
Large (8 player)
Population
200
Speed
Normal
Resources
Standard
Victory
Conquest
Starting age
Dark Age
Ending age
Imperial Age
RankedLock teamsTeams togetherTeam positionsShared explorationLock speedFull tech treeHidden civsTurbo modeCheats
Victory
Defeat
🇨🇳 Italians · China
1121
+11
🇧🇷 Wu · Brazil
1078
+13
🇺🇸 Hindustanis · United States
1064
+13
🇧🇷 Spanish · Brazil
1021
+15
🇦🇷 Mongols · Argentina
1152
-19
🇦🇷 Bulgarians · Argentina
1039
-14
🇦🇷 Spanish · Argentina
925
-10
🇦🇷 Magyars · Argentina
888
-9
BLOO
8:29 Loom
11:04 Feudal Age
12:08 Double-Bit Axe
13:35 Horse Collar
20:21 Castle Age
20:20 Fletching
21:37 Bow Saw
21:27 Crossbowman
22:06 Bodkin Arrow
23:19 Gold Mining
24:24 Heavy Plow
29:03 Bloodlines
31:23 Gold Shaft Mining
30:38 Stone Mining
32:11 Wheelbarrow
31:21 Town Watch
32:18 Ballistics
32:23 Scale Barding Armor
32:44 Forging
33:00 Guard Tower
38:06 Imperial Age
35:56 Hand Cart
36:51 Chain Barding Armor
39:07 Iron Casting
38:41 Heavy Camel Rider
40:06 Plate Barding Armor
39:32 Bracer
40:22 Siege Engineers
41:20 Chemistry
41:48 Two-Man Saw
41:08 Husbandry
42:05 Imperial Camel Rider
43:49 Murder Holes
44:04 Masonry
45:34 Conscription
46:29 Caravan
46:46 Grand Trunk Road
48:31 Blast Furnace
53:53 Shatagni
54:31 Hoardings
54:37 Coinage
57:32 Banking
Chaves
5:33 Loom
12:32 Feudal Age
13:16 Town Watch
13:20 Double-Bit Axe
13:17 Horse Collar
20:52 Castle Age
19:26 Gold Mining
21:17 Stone Mining
22:33 Gold Shaft Mining
22:35 Wheelbarrow
22:59 Bow Saw
23:42 Scale Mail Armor
23:35 Fletching
25:15 Padded Archer Armor
25:12 Bodkin Arrow
26:44 Leather Archer Armor
28:09 Hand Cart
29:33 Red Cliffs Tactics
31:09 Town Patrol
36:46 Imperial Age
38:03 Bracer
40:23 Caravan
43:49 Elite Fire Archer
44:51 Conscription
45:23 Ballistics
50:19 Chemistry
53:23 Light Cavalry
54:14 Bloodlines
55:51 Hussar
Tebano
4:14 Loom
15:43 Feudal Age
22:52 Castle Age
22:42 Forging
22:26 Fletching
32:00 Bodkin Arrow
36:34 Padded Archer Armor
36:37 Double-Bit Axe
37:46 Bow Saw
37:58 Elite Skirmisher
38:45 Thumb Ring
38:17 Light Cavalry
38:59 Husbandry
40:11 Leather Archer Armor
42:20 Bloodlines
46:25 Caravan
49:20 Pikeman
50:01 Squires
49:47 Gambesons
49:49 Arson
53:57 Imperial Age
52:03 Wheelbarrow
51:14 Town Watch
55:37 Forging
55:28 Scale Mail Armor
55:35 Scale Barding Armor
59:15 Imperial Age
梦庄周
9:23 Loom
12:08 Feudal Age
13:05 Town Watch
16:23 Castle Age
14:20 Double-Bit Axe
14:20 Horse Collar
19:58 Bow Saw
22:37 Wheelbarrow
30:23 Imperial Age
27:57 Fletching
28:03 Gold Mining
28:30 Heavy Plow
29:58 Bodkin Arrow
30:04 Padded Archer Armor
30:28 Stone Mining
31:30 Conscription
31:35 Bracer
31:51 Leather Archer Armor
33:48 Chemistry
33:12 Ballistics
33:32 Coinage
33:50 Stone Shaft Mining
33:53 Thumb Ring
34:58 Ring Archer Armor
35:00 Banking
34:41 Guilds
35:57 Elite Genoese Crossbowman
39:58 Scale Barding Armor
40:05 Forging
40:37 Bloodlines
40:28 Husbandry
39:52 Cavalier
40:24 Treadmill Crane
40:42 Murder Holes
42:49 Chain Barding Armor
43:06 Iron Casting
44:41 Plate Barding Armor
48:12 Blast Furnace
47:20 Light Cavalry
48:59 Hussar
55:08 Hand Cart
55:32 Town Patrol
Paulo Silas
4:01 Loom
9:37 Feudal Age
10:44 Double-Bit Axe
17:43 Fletching
20:25 Castle Age
19:51 Padded Archer Armor
19:46 Gold Mining
20:40 Crossbowman
26:36 Bodkin Arrow
29:27 Ballistics
30:26 Husbandry
36:32 Imperial Age
34:54 Wheelbarrow
35:05 Leather Archer Armor
38:34 Elite Skirmisher
40:46 Bracer
42:01 Chemistry
44:44 Forging
44:39 Scale Barding Armor
48:31 Thumb Ring
49:09 Chain Barding Armor
54:04 Bloodlines
Colorin Colorado
5:41 Loom
11:41 Feudal Age
16:58 Wheelbarrow
19:14 Double-Bit Axe
22:09 Castle Age
22:00 Double-Bit Axe
24:23 Scale Barding Armor
24:19 Scale Mail Armor
24:36 Forging
25:51 Chain Barding Armor
25:47 Horse Collar
30:18 Husbandry
30:29 Bloodlines
32:41 Caravan
38:18 Imperial Age
39:42 Plate Barding Armor
39:43 Iron Casting
41:38 Blast Furnace
41:18 Heavy Plow
41:25 Scale Mail Armor
41:37 Stirrups
Salmonella Fitzgerald
12:06 Feudal Age
13:10 Double-Bit Axe
21:13 Castle Age
21:01 Scale Barding Armor
25:51 Wheelbarrow
27:54 Corvinian Army
33:55 Husbandry
35:32 Chain Barding Armor
38:12 Hand Cart
44:00 Imperial Age
45:16 Plate Barding Armor
44:04 Elite Magyar Huszar
elpedritox
2:36 Loom
10:30 Feudal Age
11:26 Double-Bit Axe
21:42 Castle Age
24:31 Husbandry
24:43 Bloodlines
24:45 Scale Barding Armor
29:28 Horse Collar
29:42 Elite Skirmisher
31:50 Forging
32:07 Thumb Ring
34:40 Iron Casting
34:32 Squires
33:52 Pikeman
37:55 Imperial Age
39:59 Padded Archer Armor
40:12 Fletching
42:36 Ballistics
43:17 Chemistry
42:56 Cavalier
48:48 Elite Conquistador
53:31 Halberdier
Connection lost

Rejoining the realm…

Still unreachable

The connection could not be restored.

Session expired

The server has moved on; the page needs a fresh start.